 Dungeon Crawl Stone Soup version 0.28.0-43-g3370ac3207 (webtiles) character file.

Game seed: 3398006283794904503

1638 experimilk the Archer (level 8, 0/67 HPs)
             Began as a Minotaur Hunter on Mar 12, 2022.
             Was a Follower of Ashenzari.
             Succumbed to a killer bee's poison
             ... on level 7 of the Dungeon.
             The game lasted 00:19:58 (6869 turns).

experimilk the Archer (Minotaur Hunter)             Turns: 6869, Time: 00:19:59

Health: 0/67       AC:  8    Str: 25    XL:     8   Next: 66%
Magic:  7/7        EV: 10    Int:  8    God:    Ashenzari [*.....]
Gold:   189        SH:  0    Dex: 11    Spells: 7/7 levels left

rFire   . . .      SeeInvis .   a - +2 shortbow
rCold   . . .      Faith    .   (shield currently unavailable)
rNeg    . . .      Spirit   .   c - +0 scale mail of Star-Bound Wisdom {Alch, Elem} (curse)
rPois   .          Reflect  .   (helmet restricted)
rElec   .          Harm     .   o - +0 cloak
rCorr   .          Rampage  .   (no gloves)
Will    .....                   (no boots)
Stlth   ..........              (no amulet)
HPRegen 0.21/turn               q - ring "Bound Shame" {Str+6, Melee, Range} (curse)
MPRegen 0.10/turn               (no ring)

@: lethally poisoned (0 -> -7), invisible
A: horns 2, retaliatory headbutt
a: Renounce Religion, Shatter the Chains


You were on level 7 of the Dungeon.
You worshipped Ashenzari.
Ashenzari was aware of your devotion.
You visited 1 branch of the dungeon, and saw 7 of its levels.

You collected 189 gold pieces.

Inventory:

Hand Weapons
 a - a +2 shortbow (weapon)
 b - a +0 short sword of draining
Missiles
 d - 63 arrows (quivered ammo)
Armour
 c - the cursed +0 scale mail of Star-Bound Wisdom (worn) {Alch, Elem}
   (You found it on level 6 of the Dungeon)

   It has a curse which improves the following skills: Alchemy: Poison Magic and
   Transmutations.
   Elements:  Fire Magic, Ice Magic, Air Magic and Earth Magic.
 o - a +0 cloak (worn)
Jewellery
 e - a ring of ice
 i - a ring of ice
 q - the cursed ring "Bound Shame" (left hand) {Str+6, Melee, Range}
   (You found it on level 4 of the Dungeon)

   [ring of strength]

   Str:       It affects your strength (+6).
   It has a curse which improves the following skills: Melee Combat: Short
   Blades, Long Blades, Axes, Maces & Flails, Polearms, Staves and Unarmed
   Combat.
   Ranged Combat: Slings, Bows, Crossbows and Throwing.
 r - a ring of positive energy
 s - a +6 ring of intelligence
Wands
 j - a wand of flame (11)
 l - a wand of polymorph (5)
Scrolls
 h - a scroll of noise
Potions
 f - a potion of curing
 g - 2 potions of haste
 k - 2 potions of ambrosia
 n - 3 potions of might
 t - 2 potions of mutation


   Skills:
 - Level 4.5 Fighting
 - Level 4.5(5.3) Short Blades
 * Level 10.5(11.4) Bows
 - Level 4.5 Armour
 - Level 2.1 Dodging
 - Level 0.7 Stealth


You had 7 spell levels left.
You didn't know any spells.
Your spell library contained the following spells:

 Spells                   Type           Power      Damage    Failure   Level
 Freeze                   Ice            0%         1d3       67%         1
 Wereblood                Tmut           0%         N/A       82%         2
 Sublimation of Blood     Necr           0%         N/A       83%         2
 Frozen Ramparts          Ice            0%         1d2       96%         3
 Hailstorm                Conj/Ice       0%         3d3       100%        4
 Summon Hydra             Summ           0%         N/A       100%        7


Dungeon Overview and Level Annotations

Branches:
Dungeon (7/15)             Temple (0/1) D:5

Altars:
Ashenzari
Dithmenos
Hepliaklqana
Makhleb
Uskayaw
Vehumet
Zin
The Shining One

Shops:
D:1 :   D:3 *

Annotations:
D:4 3 runed translucent doors, croobank's ghost, novice HuFE; didgeridoom's ghost, amateur MiBe


Innate Abilities, Weirdness & Mutations

You have a pair of horns on your head.
You reflexively headbutt those who attack you in melee.


Message History

You headbutt the killer bee!
The killer bee stings you but does no damage.
The killer bee barely misses you. The killer bee stings you.
The killer bee barely misses you. You furiously retaliate!
You headbutt the killer bee! The killer bee barely misses you.
The killer bee closely misses you.
The killer bee stings you but does no damage.
The killer bee closely misses you. The killer bee barely misses you.
The killer bee stings you but does no damage.
The killer bee stings you.
* * * LOW HITPOINT WARNING * * *
The killer bee closely misses you. x2
The killer bee misses you. The killer bee stings you.
* * * LOW HITPOINT WARNING * * *
You are poisoned.
The killer bee poisons you!
You feel sick. The killer bee barely misses you.
You feel sick. The killer bee stings you.
* * * LOW HITPOINT WARNING * * *
You are lethally poisoned!
The killer bee poisons you!
* * * LOW HITPOINT WARNING * * *
You feel very sick. The killer bee barely misses you. You furiously retaliate!
You headbutt the killer bee!
You kill the killer bee!
* * * LOW HITPOINT WARNING * * *
You feel very sick.
You feel better.
The killer bee stings you but does no damage.
The killer bee barely misses you. The killer bee stings you!
* * * LOW HITPOINT WARNING * * *
You are lethally poisoned!
The killer bee poisons you! The killer bee misses you. You furiously retaliate!
You headbutt the killer bee!
You kill the killer bee!
You die...

#...........####.....#####.#
#...........................
#...........................
#........(<.##..............
#...........##............
######..######.........#
######.#######.........#
#.........##y.........## .
#............#@.......# ..
#.........####........# ...
#.........# ##..<....#####....
#.........# #.....[......###
#.........### #............#_#
###.........>.....#####.####.##
#.......######### #.###...#
#........##### #.##..#..
#............########.##.###.


You could see a killer bee.

Vanquished Creatures
  Grinder (D:6)
  A water moccasin (D:6)
  A black bear (D:6)
  A necrophage (D:6)
  An ice beast (D:6)
  2 ogres
  A centaur (D:6)
  A kobold brigand (D:6)
  A scorpion (D:5)
  2 killer bees (D:7)
  A howler monkey (D:5)
  A centaur zombie (D:5)
  A jelly (D:4)
  A centaur skeleton (D:5)
  An orc priest (D:6)
  2 bullfrog skeletons
  2 hounds (D:6)
  Jessica (D:3)
  Natasha (thrice) (D:3)
  2 orc wizards
  6 gnolls
  3 adders
  A shadow imp (D:6)
  A white imp (D:6)
  A dart slug (D:1)
  9 orcs
  8 ball pythons
  3 bats (D:2)
  3 endoplasms
  13 giant cockroaches
  5 goblins
  7 hobgoblins
  4 jackals (D:2)
  4 quokkas
  4 frilled lizards
  11 kobolds
  A rat (D:2)
111 creatures vanquished.

Vanquished Creatures (others)
  6 withered plants (D:4)
6 creatures vanquished.

Grand Total: 117 creatures vanquished

Notes
Turn   | Place    | Note
-------+----------+-------------------------------------------
     0 | D:1      | experimilk the Minotaur Hunter began the quest for the Orb.
     0 | D:1      | Reached XP level 1. HP: 18/18 MP: 0/0
    56 | D:1      | Found Noedire's Book Shop.
   366 | D:1      | Reached XP level 2. HP: 25/25 MP: 1/1
   594 | D:1      | Reached skill level 5 in Bows
  1401 | D:2      | Found a faded altar of an unknown god.
  1414 | D:2      | Reached XP level 3. HP: 29/30 MP: 2/2
  1638 | D:2      | Reached skill level 6 in Bows
  2107 | D:3      | Found Umass's Assorted Antiques.
  2154 | D:3      | Reached XP level 4. HP: 37/37 MP: 3/3
  2206 | D:3      | Noticed Natasha
  2215 | D:3      | Killed Natasha
  2400 | D:3      | Noticed Jessica
  2404 | D:3      | Killed Jessica
  2464 | D:3      | Reached skill level 7 in Bows
  2464 | D:3      | Reached XP level 5. HP: 32/42 MP: 4/4
  2974 | D:3      | Noticed Natasha
  2983 | D:3      | Killed Natasha
  2984 | D:3      | Reached skill level 1 in Short Blades
  2984 | D:3      | Reached skill level 1 in Armour
  3309 | D:3      | Noticed Natasha
  3313 | D:3      | Killed Natasha
  3602 | D:4      | Found a broken altar of Ashenzari.
  3602 | D:4      | Found a glowing golden altar of the Shining One.
  3602 | D:4      | Found a glowing silver altar of Zin.
  3602 | D:4      | Found a radiant altar of Vehumet.
  3655 | D:4      | Became a worshipper of Ashenzari the Shackled
  3741 | D:4      | Noticed an ogre
  3745 | D:4      | Killed an ogre
  3746 | D:4      | Reached XP level 6. HP: 51/51 MP: 5/5
  3877 | D:4      | Found a runed translucent gate.
  3878 | D:4      | Found a runed translucent gate.
  3879 | D:4      | Found a runed translucent gate.
  3981 | D:4      | Noticed croobank's ghost (novice HuFE)
  3981 | D:4      | Noticed didgeridoom's ghost (amateur MiBe)
  4198 | D:5      | Entered Level 5 of the Dungeon
  4616 | D:5      | Found a staircase to the Ecumenical Temple.
  4648 | D:5      | Reached skill level 8 in Bows
  4648 | D:5      | Reached XP level 7. HP: 49/58 MP: 6/6
  5409 | D:6      | Noticed Grinder
  6099 | D:6      | Reached XP level 8. HP: 51/67 MP: 7/7
  6191 | D:6      | Reached skill level 9 in Bows
  6332 | D:6      | Killed Grinder
  6409 | D:6      | Found a hide-covered altar of Uskayaw.
  6546 | D:6      | Reached skill level 10 in Bows
  6595 | D:6      | Reached * piety under Ashenzari
  6729 | D:7      | Found a faded altar of an unknown god.
  6729 | D:7      | Found a faded altar of an unknown god.
  6734 | D:7      | Found a burning altar of Makhleb.
  6736 | D:7      | Found a shadowy altar of Dithmenos.
  6737 | D:7      | Found a hazy altar of Hepliaklqana.
  6868 | D:7      | HP: 2/67 [killer bee (7)]
  6869 | D:7      | Succumbed to a killer bee's poison

Illustrated notes

Levels and vault maps discovered:
D:1:      roderic_chinese_lattice_arrival, layout_loops_ring, serial_shops,
          nicolae_shop_hallway_stairs, grunt_decor_mini_mirrors,
          minmay_misc_feat_rugged, minmay_tromino_v7
D:2:      minmay_roachtagon, layout_rooms, basic_ecumenical_altar,
          minmay_misc_feat_pillars, nrook_campfire
D:3:      layout_loops_ring, serial_shops, shop, uniq_natasha, uniq_jessica
D:4:      layout_basic, chequers_temple_overflow_statue_of_worship,
          gammafunk_ghost_cemetery
D:5:      layout_rooms, minmay_temple_entry_arrows
D:6:      layout_gridville, nicolae_uskayaw_dance_hall, uniq_grinder
D:7:      layout_rooms, chequers_temple_overflow_minitemple,
          hangedman_decor_points, sigmund_army

Skill      XL: |  1  2  3  4  5  6  7  8 |
---------------+-------------------------+-----
Bows           | 5 6 7 8 10 | 10.5
Short Blades   | 1 2 3 4 |  4.5
Armour         | 1 2 4 |  4.5
Fighting       | 3 4 |  4.5
Dodging        | |  2.1
Stealth        | |  0.7

Action                   |  1- 3 |  4- 6 |  7- 9 || total
-------------------------+-------+-------+-------++-------
Melee: Short sword       |    64 |     6 |    31 ||   101
       Headbutt          |     8 |       |     4 ||    12
 Fire: Shortbow          |    64 |   114 |   100 ||   278
Invok: Curse Item        |       |       |     2 ||     2
Evoke: Wand              |       |       |     2 ||     2
  Use: Scroll            |     3 |     1 |     4 ||     8
       Potion            |       |       |     3 ||     3
Armor: Ring mail         |    29 |     9 |    12 ||    50
       Scale mail        |       |       |    26 ||    26
Dodge: Dodged            |    49 |    26 |    69 ||   144
